 Dungeon Crawl Stone Soup version 0.30-a0-883-g5ad918d77d (webtiles) character file.

Game seed: 5087064529119294274

260 Hubris850 the Stinger (level 6, -16/41 HPs)
             Began as a Formicid Venom Mage on Mar 16, 2023.
             Demolished by an ogre
             ... wielding a +0 giant club
              (23 damage)
             ... on level 4 of the Dungeon.
             The game lasted 00:09:20 (3215 turns).

Hubris850 the Stinger (Formicid Venom Mage)         Turns: 3215, Time: 00:09:21

Health: -16/41     AC:  6    Str: 13    XL:     6   Next: 41%
Magic:  14/20      EV: 13    Int: 16    God:
Gold:   196        SH:  0    Dex: 14    Spells: 2/12 levels left

rFire   . . .      SeeInvis +    e - +0 short sword
rCold   . . .      Faith    .    (no shield)
rNeg    . . .      Spirit   .    a - +0 robe
rPois   +          Reflect  .    (helmet unavailable)
rElec   .          Rampage  .    l - +2 cloak
rCorr   .                        j - +0 pair of gloves
Will    .....                    (no boots)
Stlth   ++                       k - amulet of regeneration
HPRegen 1.06/turn                i - ring of magical power
MPRegen 0.17/turn                o - ring of poison resistance

@: no status effects
A: permanent stasis, dig shafts and tunnels, antennae 3, four strong arms
a: Dig, Shaft Self


You were on level 4 of the Dungeon.
You visited 1 branch of the dungeon, and saw 4 of its levels.

You collected 196 gold pieces.

Inventory:

Hand Weapons
 d - a +0 club
 e - a +0 short sword (weapon)
Armour
 a - a +0 robe (worn)
 j - a +0 pair of gloves (worn)
 l - a +2 cloak (worn)
 q - a +2 chain mail of poison resistance
Jewellery
 i - a ring of magical power (left hand)
 k - an amulet of regeneration (around neck)
 o - a ring of poison resistance (right hand)
 r - a +6 ring of strength
Scrolls
 c - 3 scrolls of identify {unknown}
 f - a scroll of blinking {unknown}
 n - 2 scrolls of enchant armour {unknown}
Potions
 b - 2 potions of magic
 g - a potion of degeneration {unknown}
 h - 4 potions of flight {unknown}
 m - a potion of attraction {unknown}
 p - a potion of curing {unknown}


   Skills:
 - Level 3.0 Dodging
 - Level 3.0 Stealth
 + Level 3.7 Spellcasting
 - Level 3.0 Transmutations
 + Level 5.7 Poison Magic


You had 2 spell levels left.
You knew the following spells:

 Your Spells              Type           Power      Damage    Failure   Level
a - Sting                 Tmut/Pois      64%        1d6       3%          1
b - Poisonous Vapours     Pois/Air       24%        N/A       9%          2
c - Olgreb's Toxic Radia  Pois           21%        N/A       16%         4
d - Mephitic Cloud        Conj/Pois/Air  9%         N/A       24%         3

Your spell library contained the following spells:

 Spells                   Type           Power      Damage    Failure   Level
 Summon Small Mammal      Summ           8%         N/A       17%         1
 Call Canine Familiar     Summ           2%         N/A       45%         3
 Kindle Blastsparks       Fire/Tloc/Air  4%         2d10      45%         3
 Portal Projectile        Hex/Tloc       4%         N/A       45%         3
 Summon Guardian Golem    Hex/Summ       2%         N/A       45%         3
 Tukima's Dance           Hex            2%         N/A       45%         3
 Fulminant Prism          Conj/Hex       1%         3d5       86%         4
 Iskenderun's Mystic Bla  Conj/Tloc      2%         2d3       86%         4
 Leda's Liquefaction      Hex/Erth       1%         N/A       86%         4
 Passage of Golubria      Tloc           2%         N/A       86%         4
 Yara's Violent Unravell  Hex/Tmut       3%         3d4       95%         5
 Lee's Rapid Deconstruct  Erth           1%         3d4*      99%         5


Dungeon Overview and Level Annotations

Branches:
Dungeon (4/15)
 Temple: D:4-7

Altars:

Shops:
D:2 *[


Innate Abilities, Weirdness & Mutations

You cannot be hasted, slowed, berserked, paralysed or teleported.
You can dig through walls and to a lower floor.
You have a pair of large antennae on your head. (SInv)
Your four strong arms can wield two-handed weapons with a shield.


Message History

The sting hits the kobold.
The kobold is poisoned.
The kobold is moderately wounded.
The kobold shouts!
The sting hits the kobold but does no damage.
The kobold looks even sicker.
The kobold is severely wounded.
You hit the kobold but do no damage.
The kobold is severely wounded.
You kill the kobold!
You now have 196 gold pieces (gained 13).
Found a stone staircase leading up.
You sense a monster nearby.
You sense a monster nearby.
You sense a monster nearby.
An ogre comes into view. It is wielding a +0 giant club.
The ogre shouts!
Casting: Sting (safe; 3% risk of failure)
Confirm with . or Enter, or press ? or * to list all spells.
The spell is quite dangerous to miscast (16% risk of failure)!
Continue anyway?
You begin to radiate toxic energy.
The ogre is poisoned.
The sting hits the ogre.
The ogre looks even sicker.
The ogre is moderately wounded.
Your toxic aura wanes.
The sting hits the ogre.
The ogre looks even sicker.
The ogre is heavily wounded.
The ogre hits you with a +0 giant club!
The sting hits the ogre.
The ogre looks as sick as possible!
The ogre is heavily wounded.
You hit the ogre.
The ogre is severely wounded.
The ogre hits you with a +0 giant club!!
Ouch! That really hurt!
* * * LOW HITPOINT WARNING * * *
You are too injured to fight recklessly!
You are too injured to fight recklessly!
You barely miss the ogre.
The ogre is severely wounded.
The ogre hits you with a +0 giant club!!
Ouch! That really hurt!
You die...

............#########
##########..........#
..### #..#....##.#
#...# #..#....# .#
###.# #..#....##.# #.##
#..#.....#.#### #..##
#..#.....†....#
##..####..#....O.....##
##.†.........@........
######..###.#..#####
#..###.#.## {
..###..#<..### {
.............#
.############# {{ { { {


You could see an ogre (extremely poisoned).

Vanquished Creatures
  A hound (D:4)
  10 gnolls (D:3)
  5 adders
  A worm (D:2)
  5 dart slugs
  An orc (D:3)
  6 bats
  7 endoplasms
  6 giant cockroaches
  6 goblins
  4 hobgoblins
  4 jackals (D:3)
  6 kobolds
  2 quokkas
  6 ball pythons
  6 frilled lizards
  7 rats
83 creatures vanquished.

Notes
Turn   | Place    | Note
-------+----------+-------------------------------------------
     0 | D:1      | Hubris850 the Formicid Venom Mage began the quest for the
                  | Orb.
     0 | D:1      | Reached XP level 1. HP: 13/13 MP: 3/3
   219 | D:1      | Reached XP level 2. HP: 19/19 MP: 1/5
   742 | D:1      | Reached XP level 3. HP: 20/24 MP: 3/6
  1354 | D:2      | Reached XP level 4. HP: 30/30 MP: 8/8
  1578 | D:2      | Found Hymes's Antique Armour Emporium.
  1757 | D:2      | Found Jurhoqil's General Store.
  2122 | D:3      | Reached XP level 5. HP: 35/35 MP: 9/9
  2314 | D:3      | Reached skill level 5 in Poison Magic
  2543 | D:3      | Reached XP level 6. HP: 39/41 MP: 11/11
  2646 | D:3      | Learned a level 2 spell: Poisonous Vapours
  2651 | D:3      | Learned a level 4 spell: Olgreb's Toxic Radiance
  2655 | D:3      | Learned a level 3 spell: Mephitic Cloud
  3197 | D:4      | Noticed an ogre
  3215 | D:4      | Demolished by an ogre

Illustrated notes

Levels and vault maps discovered:
D:1:      lemuel_arrival_broad_hall, layout_basic,
          nicolae_concentric_dashed_squares_wild
D:2:      layout_loops_cross, serial_shops, nicolae_shop_behind_doors,
          nicolae_shop_behind_doors
D:3:      layout_loops_ring, minmay_fractal_squares_5
D:4:      layout_basic, trog_hazing_becter

Skill      XL: |  1  2  3  4  5  6 |
---------------+-------------------+-----
Dodging        | 2 3 |  3.0
Stealth        | 3 |  3.0
Transmutations | 2 3 |  3.0
Spellcasting   | 3 |  3.7
Poison Magic   | 5 |  5.7

Action                     |  1- 3 |  4- 6 || total
---------------------------+-------+-------++-------
  Melee: Unarmed           |     7 |       ||     7
         Short sword       |    64 |    94 ||   158
         Punch             |     1 |     1 ||     2
   Cast: Sting             |    33 |    75 ||   108
         Olgreb's Toxic Ra |       |     2 ||     2
   Stab: Sleeping          |     5 |     7 ||    12
         Distracted        |       |     1 ||     1
 Armour: Robe              |    14 |    32 ||    46
  Dodge: Dodged            |    48 |    84 ||   132

Table legend: (Time is in decaauts)
 A = Elapsed time spent in this place.
 B = Non-inter-level travel time spent in this place.
 C = Inter-level travel time spent in this place.
 D = Time resting spent in this place.
 E = Time spent auto-exploring this place.
 F = Levels seen in this place.
 G = Mean time per level.
                   A        B        C        D        E       F      G
               +--------+--------+--------+--------+--------+-----+--------+
         Total |   3212 |   3115 |     97 |     40 |   2399 |   4 |  803.0 |
       Dungeon |   3212 |   3115 |     97 |     40 |   2399 |   4 |  803.0 |
               +--------+--------+--------+--------+--------+-----+--------+

Top non-repeatable levels by time:
     D:1: 1167 daAuts
     D:3: 1082 daAuts
     D:2: 780 daAuts
     D:4: 181 daAuts
